 Dungeon Crawl Stone Soup version 0.17-a0-1840-g87820a2 (webtiles) character file.

84 Melk the Poker (level 4, -2/40 HPs)
             Began as a Minotaur Berserker on Sept 16, 2015.
             Was a Believer of Trog.
             Slain by a giant gecko (4 damage)
             ... on level 2 of the Dungeon.
             The game lasted 00:13:41 (1465 turns).

Melk the Poker (Minotaur Berserker)                 Turns: 1465, Time: 00:13:41

Health: -2/40      AC:  6    Str: 22    XL:     4   Next: 23%
Magic:  3/3        EV: 10    Int:  4    God:    Trog [**....]
Gold:   99         SH:  0    Dex: 10    Spells: 0 memorised, 3 levels left

rFire  . . .     SeeInvis .     B - +0 short sword (flame)
rCold  . . .     Clarity  .     s - +0 scale mail
rNeg   . . .     SustAt   .     (no shield)
rPois  .         Gourm    .     (helmet restricted)
rElec  .         Spirit   .     (no cloak)
rCorr  .         Warding  .     (no gloves)
rMut   .         Stasis   .     (no boots)
MR     .....                    (no amulet)
Stlth  ..........               (no ring)
                                (no ring)

@: not resistant to hostile enchantments, extremely unstealthy
A: retaliatory headbutt, horns 2
a: Burn Spellbooks, Berserk, Trog's Hand, Renounce Religion


You were on level 2 of the Dungeon.
You worshipped Trog.
Trog was pleased with you.
You were not hungry.

You visited 1 branch of the dungeon, and saw 3 of its levels.

You collected 99 gold pieces.

Inventory:

Hand weapons
 a - a +0 spear
 g - a +0 dagger
 p - a cursed -3 dagger
 B - a +0 short sword of flaming (weapon)
Missiles
 f - 82 sling bullets
 h - 2 throwing nets
 i - 3 tomahawks (quivered)
 y - 42 arrows
 H - 7 javelins
Armour
 b - a +0 animal skin
 e - a +0 robe
 s - a +0 scale mail (worn)
 C - a +0 leather armour
Magical devices
 z - a wand of random effects (10)
Scrolls
 j - a scroll of amnesia {unknown}
 k - 2 scrolls of enchant armour {unknown}
 m - a scroll of magic mapping {unknown}
 o - a scroll of teleportation {unknown}
 q - 2 scrolls of immolation {unknown}
 t - a scroll of enchant weapon {unknown}
 v - a scroll of identify {unknown}
 x - a scroll of fog {unknown}
 A - 2 scrolls of remove curse {unknown}
Potions
 l - a potion of heal wounds {unknown}
 n - 3 potions of resistance {unknown}
 r - a potion of lignification {unknown}
 u - a potion of mutation {unknown}
 D - 2 potions of haste {unknown}
 E - a potion of invisibility {unknown}
 F - a potion of curing {unknown}
 G - a potion of ambrosia {unknown}
Comestibles
 c - 4 bread rations
 d - 2 fruits
 w - a meat ration


   Skills:
 + Level 4.2 Fighting
 + Level 4.3 Polearms
 + Level 2.1 Throwing
 + Level 2.9 Armour
 + Level 2.6 Dodging


You had 3 spell levels left.
You didn't know any spells.

Dungeon Overview and Level Annotations

Branches:
Dungeon (3/15)

Altars:
Qazlal


Innate Abilities, Weirdness & Mutations

You reflexively headbutt those who attack you in melee.
You have a pair of horns on your head.


Message History

The giant gecko bites you.
* * * LOW HITPOINT WARNING * * *
The giant gecko barely misses you.
Found a stone staircase leading down.
The giant gecko closely misses you. You furiously retaliate!
You headbutt the giant gecko, but do no damage.
The giant gecko barely misses you.
The giant gecko hisses menacingly.
There is a stone staircase leading up here.
You don't know any spells.
The giant gecko bites you but does no damage.
You climb upwards.
There is a stone staircase leading down here.
Read which item? (? for menu, Esc to quit)
Okay, then.
The giant gecko hisses menacingly.
The giant gecko bites you.
* * * LOW HITPOINT WARNING * * *
The giant gecko bites you.
You die...

########## #....#...#
#.##.#.#.# #.##...#.#
#.######.# ####†######.#
#<...##.....#################
#######.....@l.>.............
#.....###.#############
#.....# #.# #.....###.#
#.......#.# #.....#.#.#
#.........#
####.......#############
#.......................


You could see a giant gecko.

Vanquished Creatures
  The ghost of Gargoyl the Skirmisher, a weakling DsAK of Lugonu (D:3)
  An adder (D:1)
  A worm (D:2)
  A ball python (D:1)
  2 giant cockroaches
  3 hobgoblins
  2 kobolds
  A quokka (D:2)
  10 bats
  A giant newt (D:2)
  3 goblins
  3 rats
  2 plants (D:1)
31 creatures vanquished.

Notes
Turn   | Place    | Note
--------------------------------------------------------------
     0 | D:1      | Melk the Minotaur Berserker began the quest for the Orb.
     0 | D:1      | Reached XP level 1. HP: 19/19 MP: 0/0
   326 | D:1      | Reached skill level 4 in Fighting
   326 | D:1      | Reached XP level 2. HP: 18/27 MP: 1/1
   824 | D:2      | Found a faded altar to an unknown god.
   892 | D:2      | Reached XP level 3. HP: 31/33 MP: 2/2
  1033 | D:2      | Found a stormy altar of Qazlal.
  1034 | D:2      | Noticed a water elemental
  1035 | D:2      | Noticed a fire elemental
  1035 | D:2      | Noticed an earth elemental
  1035 | D:2      | Noticed an air elemental
  1161 | D:2      | Reached skill level 1 in Throwing
  1224 | D:2      | Acquired Trog's second power
  1416 | D:3      | Noticed Gargoyl's ghost (weakling DsAK)
  1432 | D:3      | Killed Gargoyl's ghost
  1432 | D:3      | Reached XP level 4. HP: 3/40 MP: 3/3
  1443 | D:3      | HP: 1/40 [giant gecko (3)]
  1463 | D:2      | HP: 2/40 [giant gecko (2)]
  1465 | D:2      | Slain by a giant gecko

Vault maps used:
D:1:      dpeg_arrival_orchard
D:2:      nicolae_qazlal_style_of_elements, ecumenical_altar_2
D:3:      lemuel_doored_altar

Action                   |  1- 3 |  4- 6 || total
-------------------------+-------+-------++-------
Melee: Spear             |   118 |       ||   118
       Short sword       |    24 |       ||    24
Throw: Tomahawk          |    27 |       ||    27
       Throwing net      |     2 |       ||     2
  Use: Scroll            |     1 |       ||     1
  Eat: Beef jerky        |     1 |       ||     1
